AoeStats
← manfred_da_pig

African Clearing

505313549Analyzed
2v2 RM · 25d ago on Sep 8, 2026· 24m 34s· 4 players
Game mode
Random Map
Map size
Medium (4 player)
Population
200
Speed
Normal
Resources
Standard
Victory
Conquest
Starting age
Dark Age
Ending age
Imperial Age
RankedLock teamsTeams togetherTeam positionsShared explorationLock speedFull tech treeHidden civsTurbo modeCheats
Victory
Defeat
🇳🇿 Teutons · New Zealand
1434
+16
🇮🇳 Burgundians · India
1424
+16
🇩🇪 Cumans · Germany
1437
-16
🇬🇧 Lithuanians · United Kingdom
1431
-16
UncleRambo69
4:09 Loom
8:21 Double-Bit Axe
12:07 Feudal Age
17:36 Castle Age
16:14 Bow Saw
16:31 Scale Barding Armor
16:37 Forging
19:54 Husbandry
22:04 Cavalier
24:47 Iron Casting
NewNormal
8:49 Loom
12:22 Feudal Age
13:51 Double-Bit Axe
15:47 Forging
18:49 Scale Mail Armor
25:40 Castle Age
24:00 Stone Mining
24:01 Horse Collar
24:41 Gold Mining
manfred_da_pig
10:50 Loom
12:36 Feudal Age
14:06 Double-Bit Axe
17:16 Castle Age
16:33 Stone Mining
17:43 Scale Barding Armor
23:01 Town Watch
24:06 Pikeman
Vetinari
6:30 Loom
12:42 Feudal Age
13:32 Double-Bit Axe
13:29 Horse Collar
15:45 Bloodlines
15:53 Forging
18:23 Scale Barding Armor
22:38 Scale Mail Armor
25:01 Wheelbarrow
Connection lost

Rejoining the realm…

Still unreachable

The connection could not be restored.

Session expired

The server has moved on; the page needs a fresh start.